Map: Daybreak LE (Void)

Players

Amix

  • Race: Protoss Protoss
  • League: Platinum
  • Spawn Location: 7:00

qiqveg - Winner!

  • Race: Zerg Zerg
  • League: Gold
  • Spawn Location: 1:00

VOD

Have the link to the VOD?

Description

Time

  • Played on: Dec. 17, 2016, 3:06 a.m.
  • Length: 13:12
Show
View Real Time Build Order
Export as new Build Order

Amix Protoss 

Build Orders:  

Get SALT Encoding   

  12  0:02  Probe (Chrono Boost)  
  13  0:17  Pylon  
  13  0:20  Probe (Chrono Boost)  
  14  0:31  Probe (Chrono Boost)  
  15  0:36  Gateway  
  15  0:41  Probe (Chrono Boost)  
  16  0:51  Assimilator  
  16  0:52  Probe (Chrono Boost)  
  17  1:02  Probe (Chrono Boost)  
  18  1:13  Probe (Chrono Boost)  
  19  1:23  Probe (Chrono Boost)  
  19  1:25  Cybernetics Core  
  20  1:30  Pylon  
  20  1:34  Probe (Chrono Boost)  
  21  1:41  Gateway  
  21  1:45  Probe (Chrono Boost)  
  22  1:48  Zealot  
  24  1:55  Pylon  
  24  1:56  Warp Gate  
  24  2:02  Assimilator  
  24  2:30  Nexus  
  24  2:37  Stalker  
  26  2:46  Pylon  
  28  2:54  Mothership Core (Chrono Boost)  
  28  3:06  Gateway  
  29  3:14  Probe (Chrono Boost)  
  29  3:21  Robotics Facility  
  29  3:26  Probe (Chrono Boost)  
  30  3:38  Probe (Chrono Boost)  
  31  3:45  Gateway  
  31  3:48  Probe (Chrono Boost)  
  32  3:50  Probe (Chrono Boost)  
  33  4:13  Warp Prism  
  35  4:31  Pylon  
  35  4:34  Pylon  
  35  4:35  Stalker x2  
  39  4:51  Gateway  
  39  4:53  Gateway  
  39  4:55  Gateway  
  41  5:07  Probe x2 (Chrono Boost)  
  41  5:19  Probe x2 (Chrono Boost)  
  43  5:22  Observer  
  44  6:12  Zealot x3  
  44  6:13  Zealot x2  
  44  6:14  Zealot  
  44  6:15  Zealot  
  48  6:36  Stalker x4  
  47  7:10  Probe (Chrono Boost)  
  47  7:12  Stalker x5  
  53  7:27  Stalker x2  
  57  7:38  Pylon  
  57  7:40  Pylon  
  57  7:42  Pylon x2  
  57  7:51  Stalker x5  
  59  7:53  Stalker  
  69  8:01  Gateway  
  69  8:05  Gateway  
  69  8:06  Gateway  
  69  8:07  Gateway  
  69  8:19  Warp Prism  
  71  8:31  Stalker x2  
  71  8:33  Stalker  
  77  8:34  Stalker  
  77  8:39  Probe x2 (Chrono Boost)  
  80  8:54  Stalker x3  
  86  9:14  Assimilator  
  88  9:17  Probe x2 (Chrono Boost), Assimilator  
  88  9:25  Zealot x2  
  88  9:29  Probe x2 (Chrono Boost)  
  94  9:41  Probe x2 (Chrono Boost)  
  94  9:42  Pylon  
  94  9:44  Pylon  
  96  11:24  Zealot x3  
  96  11:25  Zealot x3  
  106  11:26  Zealot x4  
  106  11:27  Zealot  
  116  11:46  Zealot x3  
  116  11:47  Zealot x3  
  122  11:48  Zealot  
  94  12:18  Forge  
  94  12:42  Stalker x3  
  94  12:43  Stalker x5  
  110  12:44  Stalker  
Show
View Real Time Build Order
Export as new Build Order

qiqveg Zerg - Winner!

Build Orders: Hatch First 

Get SALT Encoding   

  12  0:03  Drone  
  13  0:09  Drone  
  14  0:18  Overlord  
  14  0:37  Drone  
  15  0:49  Hatchery  
  14  0:50  Drone  
  14  0:53  Drone  
  16  0:57  Drone  
  17  1:14  Spawning Pool  
  17  1:16  Drone  
  17  1:22  Drone, Extractor  
  17  1:25  Drone  
  18  1:34  Drone  
  19  1:46  Drone  
  20  1:51  Extractor  
  19  1:56  Overlord  
  19  2:03  Queen  
  19  2:06  Queen  
  19  2:07  Drone  
  24  2:15  Drone  
  25  2:20  Drone  
  26  2:26  Drone  
  26  2:27  Drone  
  26  2:29  Zergling x2  
  29  2:31  Metabolic Boost  
  29  2:38  Overlord  
  29  2:51  Zergling x2  
  29  2:52  Zergling x2  
  29  2:56  Zergling x4  
  33  3:02  Lair  
  33  3:05  Drone  
  34  3:10  Zergling x2  
  35  3:17  Zergling x2  
  36  3:26  Drone x4  
  40  3:31  Zergling x6  
  43  3:38  Extractor  
  43  3:39  Overlord  
  42  3:47  Drone  
  43  3:48  Extractor  
  42  4:05  Drone x2  
  42  4:06  Drone  
  42  4:09  Drone  
  46  4:17  Spire  
  46  4:18  Spire  
  46  4:22  Evolution Chamber  
  46  4:23  Drone x2  
  45  4:24  Drone  
  45  4:27  Drone  
  47  4:32  Drone  
  47  4:36  Overlord  
  48  4:43  Drone x2  
  50  4:45  Drone  
  50  4:48  Drone  
  52  4:56  Overlord  
  52  5:01  Overlord  
  52  5:08  Overlord  
  52  5:11  Overlord  
  52  5:14  Overlord  
  52  5:29  Spore Crawler  
  51  5:42  Overlord  
  51  5:44  Mutalisk x2  
  51  5:45  Mutalisk x2  
  59  6:08  Zerg Flyer Weapons Level 1  
  49  6:33  Zerg Flyer Armor Level 1  
  49  6:44  Zergling x10  
  49  6:45  Zergling x4  
  54  6:51  Mutalisk x3  
  54  6:52  Mutalisk x4  
  64  7:09  Zerg Melee Weapons Level 1  
  64  7:13  Mutalisk  
  64  7:14  Mutalisk  
  67  7:32  Mutalisk x3  
  73  7:42  Infestation Pit, Hatchery  
  71  7:48  Mutalisk x2  
  71  7:49  Mutalisk  
  77  7:52  Zergling x4  
  77  7:53  Zergling x2  
  80  8:02  Overlord x3  
  80  8:03  Overlord  
  80  8:05  Overseer  
  80  8:07  Pneumatized Carapace  
  80  8:17  Zerg Flyer Weapons Level 2  
  80  8:42  Drone x5  
  85  8:54  Queen  
  87  8:56  Drone  
  87  9:01  Zerg Flyer Armor Level 2  
  88  9:03  Hive  
  88  9:04  Zergling x4  
  88  9:05  Zergling x6  
  93  9:20  Extractor  
  92  9:40  Extractor  
  92  9:44  Drone x3  
  94  9:55  Evolution Chamber  
  94  9:56  Zerg Ground Armor Level 1  
  93  10:01  Mutalisk x5  
  93  10:02  Mutalisk  
  105  10:12  Drone x2  
  107  10:14  Drone  
  107  10:16  Drone  
  107  10:17  Drone  
  110  10:37  Mutalisk x2  
  110  10:38  Corruptor x2, Mutalisk  
  120  10:45  Corruptor  
  120  10:48  Corruptor  
  97  11:57  Queen  
  97  11:58  Drone x2  
  97  11:59  Drone  
  101  12:01  Drone x2  
  103  12:17  Mutalisk x6  
  103  12:18  Mutalisk x2  
  117  12:32  Zergling x4  
  117  12:35  Zergling x2  
  117  12:36  Zergling x6  
  123  12:46  Ultralisk Cavern  
  122  12:55  Zergling x4  
Tags
 
Add a new tag
Caveats
  • Supply blocks, unpowered buildings, or Contaminate may cause inaccurate times.
  • Supply counts are checked every 10 seconds.